Map: Ley Lines

Players

NiceStrategy

  • Race: Terran Terran
  • Spawn Location: 7:00

A.I. 2 (Elite) - Winner!

  • Race: Zerg Zerg
  • Spawn Location: 1:00

VOD

Have the link to the VOD?

Description

Time

  • Played on: July 30, 2025, 8:38 a.m.
  • Length: 9:50
Show
View Real Time Build Order
Export as new Build Order

NiceStrategy Terran 

Build Orders: 2 Factory, Hellion Opening, Mech 

Get SALT Encoding   

  12  0:00  SCV  
  13  0:12  SCV  
  14  0:17  Supply Depot  
  14  0:24  SCV  
  15  0:29  Refinery  
  15  0:38  SCV  
  16  0:44  Barracks  
  16  0:50  SCV  
  16  0:55  Refinery  
  17  1:03  SCV  
  18  1:15  SCV  
  19  1:31  Orbital Command  
  19  1:32  Factory  
  19  1:35  Barracks Reactor  
  19  1:45  Supply Depot  
  19  1:56  SCV  
  20  2:08  SCV  
  20  2:12  Command Center  
  21  2:21  SCV  
  22  2:23  Hellion  
  22  2:25  Hellion  
  26  2:30  Supply Depot  
  26  2:33  SCV  
  27  2:44  Hellion  
  27  2:46  Hellion  
  31  2:51  SCV  
  32  3:04  Factory  
  32  3:07  Factory  
  32  3:12  SCV  
  33  3:14  Hellion  
  33  3:15  Hellion  
  37  3:24  SCV  
  37  3:26  Orbital Command  
  38  3:36  SCV  
  39  3:44  Hellion  
  39  3:45  Hellion  
  39  3:48  SCV  
  44  3:53  SCV  
  45  3:59  Factory Tech Lab  
  45  4:00  Factory Tech Lab, SCV  
  45  4:02  Supply Depot  
  42  4:05  SCV  
  42  4:06  Armory  
  39  4:12  SCV  
  40  4:19  SCV  
  40  4:23  Refinery  
  41  4:25  Supply Depot  
  41  4:28  Siege Tank x2  
  41  4:30  SCV  
  48  4:31  SCV  
  48  4:36  Hellion  
  51  4:40  Hellion  
  51  4:42  SCV  
  51  4:43  SCV  
  55  4:50  Supply Depot  
  55  4:54  SCV  
  55  4:56  SCV  
  57  5:00  Refinery, Siege Tank  
  57  5:02  Siege Tank  
  57  5:06  SCV  
  64  5:09  SCV  
  64  5:14  Supply Depot  
  65  5:15  Hellion x2  
  65  5:18  SCV  
  70  5:21  SCV  
  70  5:26  Factory  
  71  5:30  SCV  
  71  5:33  Siege Tank  
  71  5:34  Siege Tank  
  78  5:36  Hellion  
  78  5:37  Hellion  
  78  5:41  Factory  
  82  5:43  Barracks Reactor  
  82  5:45  SCV x2  
  84  5:50  Supply Depot  
  84  5:53  Supply Depot  
  84  6:01  Hellion  
  84  6:03  Terran Vehicle Weapons Level 1  
  86  6:12  Hellion, Siege Tank  
  86  6:16  Supply Depot  
  86  6:17  Supply Depot, SCV x2  
  93  6:20  Factory, Factory Tech Lab  
  93  6:30  Siege Tank  
  96  6:33  Hellion  
  96  6:34  Hellion  
  100  6:41  Supply Depot  
  100  6:42  Supply Depot  
  100  6:43  Hellion  
  100  6:46  Hellion  
  104  6:58  Thor  
  110  7:04  Thor  
  116  7:10  Factory Reactor  
  116  7:17  Supply Depot x2  
  116  7:29  Siege Tank  
  119  7:30  Hellion x3  
  119  7:31  Hellion  
  127  7:41  Hellion  
  129  7:46  Supply Depot x2  
  129  8:55  Siege Tank  
  129  8:56  Siege Tank x2  
  129  8:59  Hellion x5  
  129  9:00  Hellion  
  150  9:20  Hellion x3  
  150  9:21  Hellion x2  
  150  9:22  Hellion  
Show
View Real Time Build Order
Export as new Build Order

A.I. 2 (Elite) Zerg - Winner!

Build Orders: Pool First 

Get SALT Encoding   

  12  0:00  Drone  
  13  0:12  Overlord  
  13  0:16  Drone  
  14  0:30  Drone  
  14  0:31  Drone  
  16  0:43  Spawning Pool  
  16  0:45  Drone  
  16  0:49  Drone  
  17  1:12  Drone, Hatchery  
  17  1:15  Extractor  
  17  1:16  Extractor  
  15  1:19  Drone  
  15  1:23  Drone  
  17  1:28  Drone  
  18  1:38  Drone  
  19  1:49  Overlord  
  19  1:57  Queen  
  21  2:02  Zergling x2  
  22  2:10  Drone  
  23  2:24  Queen  
  23  2:28  Drone  
  26  2:36  Drone  
  27  2:40  Drone  
  28  2:44  Drone  
  28  2:48  Drone  
  29  3:01  Roach Warren  
  29  3:03  Drone  
  29  3:06  Drone  
  29  3:09  Zergling x2  
  29  3:12  Zergling x2  
  32  3:18  Overlord  
  32  3:21  Drone  
  32  3:24  Drone  
  34  3:32  Zergling x2  
  33  3:34  Zergling x2  
  33  3:37  Zergling x2  
  33  3:40  Zergling x2  
  34  3:43  Roach, Zergling x2  
  34  3:46  Zergling x2  
  33  3:52  Drone  
  27  3:58  Drone  
  25  4:05  Drone  
  25  4:11  Drone  
  25  4:14  Drone  
  27  4:19  Drone  
  27  4:23  Drone  
  29  4:28  Drone  
  31  4:31  Drone  
  31  4:35  Drone  
  33  4:38  Drone  
  33  4:42  Drone  
  33  4:45  Drone  
  35  4:49  Drone  
  35  4:52  Drone  
  37  4:56  Roach  
  39  5:02  Roach  
  41  5:07  Overlord  
  41  5:11  Roach  
  43  5:25  Lair, Roach  
  45  5:38  Overlord  
  45  5:42  Roach  
  47  5:44  Drone  
  47  5:47  Drone  
  49  5:56  Drone  
  50  6:05  Overlord  
  50  6:07  Drone  
  50  6:10  Drone  
  52  6:11  Drone  
  52  6:15  Drone  
  52  6:16  Drone  
  55  6:23  Drone, Roach  
  55  6:24  Hydralisk Den  
  57  6:26  Overlord, Infestation Pit  
  57  6:28  Drone  
  57  6:31  Drone  
  57  6:32  Drone  
  59  6:35  Drone  
  59  6:37  Drone  
  59  6:39  Drone  
  62  6:41  Drone  
  62  6:44  Drone  
  64  6:47  Overlord  
  64  6:49  Drone  
  64  6:50  Drone  
  64  6:53  Drone  
  64  6:54  Drone, Hydralisk  
  67  6:57  Hydralisk  
  67  6:59  Drone  
  73  7:03  Infestor  
  73  7:04  Infestor  
  73  7:05  Roach  
  79  7:08  Overlord  
  79  7:13  Roach  
  79  7:15  Roach  
  83  7:25  Evolution Chamber  
  83  7:29  Evolution Chamber  
  81  7:30  Drone, Ravager  
  81  7:32  Overseer, Hatchery  
  82  7:40  Overlord  
  82  7:43  Ravager, Roach  
  85  7:46  Roach  
  85  7:48  Hydralisk  
  85  7:51  Hydralisk  
  89  7:52  Zerg Missile Weapons Level 1  
  89  7:55  Zerg Ground Armor Level 1  
  91  7:59  Overlord  
  91  8:00  Infestor  
  91  8:03  Extractor  
  91  8:04  Drone  
  93  8:08  Extractor  
  93  8:09  Drone  
  93  8:25  Drone, Spine Crawler  
  93  8:26  Drone  
  94  8:28  Overlord, Infestor  
  94  8:30  Drone x2, Zergling x2  
  94  8:31  Drone, Zergling x12  
  90  8:36  Roach  
  90  8:39  Roach  
  94  8:44  Drone  
  94  8:46  Roach  
  94  8:47  Zergling x4  
  94  8:48  Zergling x2  
  100  8:51  Drone  
  100  8:53  Drone x2  
  100  8:55  Drone  
  104  8:57  Drone  
  104  8:59  Drone  
  104  9:01  Drone  
  107  9:05  Drone  
  107  9:08  Overlord  
  108  9:12  Drone, Ravager  
  108  9:14  Evolution Chamber  
  108  9:16  Drone  
  110  9:18  Ravager  
  110  9:20  Drone x3, Roach  
  116  9:24  Drone  
  116  9:25  Drone, Roach  
  116  9:26  Drone  
  116  9:28  Overlord  
  121  9:31  Drone  
  121  9:35  Drone  
  121  9:37  Drone  
Tags
 
Add a new tag
Caveats
  • Supply blocks, unpowered buildings, or Contaminate may cause inaccurate times.
  • Supply counts are checked every 10 seconds.